 Dungeon Crawl Stone Soup version 0.29-a0-330-g52719c12eb (webtiles) character file.

Game seed: 13705757683897548145

149 kae the Firebug (level 5, 0/43 HPs)
             Began as a Tengu Fire Elementalist on Apr 14, 2022.
             Slain by a gnoll sergeant
             ... wielding a +0 spear
              (7 damage)
             ... on level 3 of the Dungeon.
             The game lasted 00:02:12 (1983 turns).

kae the Firebug (Tengu Fire Elementalist)           Turns: 1983, Time: 00:02:12

Health: 0/43       AC: 22    Str:  8    XL:     5   Next: 31%
Magic:  0/9        EV:  2    Int: 17    God:
Gold:   97         SH:  0    Dex: 15    Spells: 3/9 levels left

rFire   . . .      SeeInvis .   d - +2 dagger (venom)
rCold   . . .      Faith    .   (no shield)
rNeg    . . .      Spirit   .   (body armour currently unavailable)
rPois   +          Reflect  .   (helmet currently unavailable)
rElec   .          Harm     .   (cloak currently unavailable)
rCorr   .          Rampage  .   (gloves currently unavailable)
Will    .....      NoTele   +   (boots unavailable)
Stlth   ++........              i - amulet of magic regeneration
HPRegen 0.14/turn               c - ring of poison resistance
MPRegen 0.51/turn               (no ring)

@: tree-form (expiring), hasted, very quick
A: stationary, stasis, torment immunity, boosted hp, (beak), (talons 3), nimble
flight
a: no special abilities


You were on level 3 of the Dungeon.
You were a tree.
You visited 1 branch of the dungeon, and saw 3 of its levels.

You collected 97 gold pieces.

Inventory:

Hand Weapons
 d - a +2 dagger of venom (weapon)
Armour
 a - a +1 robe (melded)
 e - a +0 cloak
Magical Staves
 f - a staff of earth
Jewellery
 c - a ring of poison resistance (left branch)
 i - an amulet of magic regeneration (around neck)
Potions
 j - a potion of resistance


   Skills:
 + Level 1.5 Fighting
 + Level 3.1 Dodging
 - Level 2.0 Stealth
 + Level 2.6 Spellcasting
 + Level 2.7 Conjurations
 * Level 4.6 Fire Magic


You had 3 spell levels left.
You knew the following spells:

 Your Spells              Type           Power      Damage    Failure   Level
a - Foxfire               Conj/Fire      56%        2x1d6     4%          1
b - Scorch                Fire           36%        2d7       4%          2
c - Conjure Flame         Conj/Fire      14%        6-21      12%         3

Your spell library contained the following spells:

 Spells                   Type           Power      Damage    Failure   Level
 Animate Skeleton         Necr           4%         N/A       19%         1
 Beastly Appendage        Tmut           4%         N/A       19%         1
 Pain                     Necr           8%         1d4       19%         1
 Inner Flame              Hex/Fire       10%        N/A       22%         3
 Swiftness                Air            2%         N/A       50%         3
 Tukima's Dance           Hex            2%         N/A       50%         3
 Vampiric Draining        Necr           2%         2d6       50%         3
 Flame Wave               Conj/Fire      14%        2d6       36%         4
 Anguish                  Hex/Necr       1%         N/A       88%         4
 Statue Form              Tmut/Erth      1%         N/A       100%        6
 Enfeeble                 Hex            1%         N/A       100%        7


Dungeon Overview and Level Annotations

Branches:
Dungeon (3/15)

Altars:


Innate Abilities, Weirdness & Mutations

You are a tree.
Your roots penetrate the ground, keeping you stationary.
You cannot be teleported.
You are immune to unholy pain and torment.
Your maximum health is greatly increased.
Your equipment is partially melded.
((You have a beak for a mouth.))
((You have claws for feet.))
Your magical nature lets you fly swiftly and evasively.


Message History

Confirm with . or Enter, or press ? or * to list all spells.
You conjure some foxfire!
The foxfire hits the gnoll sergeant but does no damage.
Casting: Foxfire (safe; 4% risk of failure)
Confirm with . or Enter, or press ? or * to list all spells.
You can't see any susceptible monsters within range! (Use Z to cast anyway.)
Casting: Foxfire (safe; 4% risk of failure)
Confirm with . or Enter, or press ? or * to list all spells.
You conjure some foxfire!
The foxfire hits the gnoll sergeant.
The gnoll sergeant is lightly wounded.
Casting: Foxfire (safe; 4% risk of failure)
Confirm with . or Enter, or press ? or * to list all spells.
Flames lash the gnoll sergeant.
The gnoll sergeant is heavily wounded.
The gnoll sergeant's fire resistance burns away.
The gnoll sergeant hits you but does no damage.
Casting: Scorch (safe; 4% risk of failure)
Confirm with . or Enter, or press ? or * to list all spells.
Flames lash the hobgoblin.
You kill the hobgoblin!
The gnoll sergeant barely misses you.
Casting: Scorch (safe; 4% risk of failure)
Confirm with . or Enter, or press ? or * to list all spells.
Flames lash the gnoll sergeant.
The gnoll sergeant is burned terribly!
The gnoll sergeant is severely wounded.
Your transformation is almost over.
The gnoll sergeant hits you but does no damage.
The gnoll sergeant hits you but does no damage.
Casting: Scorch (safe; 4% risk of failure)
Confirm with . or Enter, or press ? or * to list all spells.
Flames lash the gnoll sergeant.
The gnoll sergeant is almost dead.
The gnoll sergeant hits you from afar with a +0 spear.
* * * LOW HITPOINT WARNING * * *
Casting: Scorch (safe; 4% risk of failure)
Confirm with . or Enter, or press ? or * to list all spells.
Flames lash the gnoll sergeant but do no damage.
The gnoll sergeant hits you from afar with a +0 spear!
You die...

#. #............#<.#.###
#. #.##.........†..# #
#.##.##.#.....##...#
#....##.##g..###....
##.........g..........
....#..##?#########..##.
##.##..##g# #..# .#
#.##..##># #..# #
#.#####.##..##♣#
#......†.......#
#######.##..#..#
#######..##........
#.......(....#..##.
#.#####.######.... #.#
#.# #.#### ##.# #.# #.
<..# #.#


You could see a gnoll sergeant (combustible).

Vanquished Creatures
  5 gnolls (D:3)
  2 adders (D:3)
  A worm (D:3)
  5 dart slugs
  9 endoplasms
  2 giant cockroaches (D:1)
  5 goblins
  6 hobgoblins
  4 jackals (D:1)
  6 kobolds
  2 quokkas
  7 ball pythons
  8 bats
  3 frilled lizards
  3 rats
68 creatures vanquished.

Vanquished Creatures (collateral kills)
  2 foxfires (D:3)
2 creatures vanquished.

Vanquished Creatures (others)
  219 foxfires
  6 fungi (D:3)
  18 plants (D:3)
243 creatures vanquished.

Grand Total: 313 creatures vanquished

Notes
Turn   | Place    | Note
-------+----------+-------------------------------------------
     0 | D:1      | kae the Tengu Fire Elementalist began the quest for the
                  | Orb.
     0 | D:1      | Reached XP level 1. HP: 10/10 MP: 4/4
   152 | D:1      | Reached XP level 2. HP: 16/16 MP: 1/6
   494 | D:1      | Reached XP level 3. HP: 20/20 MP: 5/7
   497 | D:1      | Learned a level 2 spell: Scorch
   501 | D:1      | Learned a level 3 spell: Conjure Flame
   667 | D:1      | Reached skill level 1 in Fighting
  1261 | D:2      | Reached skill level 4 in Fire Magic
  1269 | D:2      | Found Vikaot's Distillery.
  1299 | D:2      | Got the Disquisition on Shifting Lightness
  1337 | D:2      | Reached XP level 4. HP: 25/25 MP: 8/8
  1488 | D:2      | Found a faded altar of an unknown god.
  1754 | D:3      | Noticed a gnoll sergeant
  1955 | D:3      | Gained mutation: Your magical nature lets you fly swiftly
                  | and evasively. [Tengu growth]
  1955 | D:3      | Reached XP level 5. HP: 12/29 MP: 9/9
  1983 | D:3      | Slain by a gnoll sergeant

Illustrated notes

Levels and vault maps discovered:
D:1:      dpeg_arrival_stone_temple_mockup, layout_basic, minmay_tiny_reverse_x
D:2:      layout_rooms, serial_shops, nicolae_shop_advertising_works
          [nicolae_subvault_shop_adworks], serial_glass, glass_columns_a,
          glass_columns_a, ebering_ecumenical_altar_sacrificial
D:3:      layout_loops_ring, mainiacjoe_overflow_chevrons,
          cheibrodos_sewer_entry_sluice

Skill      XL: |  1  2  3  4 |
---------------+-------------+-----
Conjurations   | 2 |  2.7
Fighting       | 1 |  1.5
Fire Magic     | 4 |  4.6
Dodging        | 3 |  3.1
Stealth        | |  2.0
Spellcasting   | |  2.6

Action                   |  1- 3 |  4- 6 || total
-------------------------+-------+-------++-------
Melee: Dagger            |       |    15 ||    15
       Kick              |       |     2 ||     2
       Peck              |       |     1 ||     1
 Cast: Foxfire           |    93 |    40 ||   133
       Scorch            |       |    18 ||    18
       Conjure Flame     |       |     1 ||     1
  Use: Scroll            |       |     6 ||     6
       Potion            |       |     4 ||     4
Armor: Robe              |     1 |     1 ||     2
       Skin              |       |    14 ||    14
Dodge: Dodged            |     8 |    11 ||    19

Table legend: (Time is in decaauts)
 A = Elapsed time spent in this place.
 B = Non-inter-level travel time spent in this place.
 C = Inter-level travel time spent in this place.
 D = Time resting spent in this place.
 E = Time spent auto-exploring this place.
 F = Levels seen in this place.
 G = Mean time per level.
                   A        B        C        D        E       F      G
               +--------+--------+--------+--------+--------+-----+--------+
         Total |   1972 |   1891 |     81 |     78 |   1342 |   3 |  657.3 |
       Dungeon |   1972 |   1891 |     81 |     78 |   1342 |   3 |  657.3 |
               +--------+--------+--------+--------+--------+-----+--------+

Top non-repeatable levels by time:
     D:1: 1147 daAuts
     D:2: 677 daAuts
     D:3: 147 daAuts
